[ PARTIDA AOE2 · #474035463 ]
UnrankedJemeres vs Persians
[ ANÁLISIS DE REPETICIÓN · EXTRAÍDO DE LA PARTIDA GRABADA ]
Feudal
15:58
Castillos
25:04
Imperial
39:07
| APM promedio | 13.0 |
| APM pico | 34 |
| eAPM promedio | 9.4 |
| Aldeanos / militares | 87 / 117 |
Foco
⚔️ 26.9% · 🌾 73.1%
Battle Elephant ×113 · Trade Cart ×19 · Trebuchet (Packed) ×4
Feudal
16:27
Castillos
32:38
Imperial
—
| APM promedio | 21.0 |
| APM pico | 50 |
| eAPM promedio | 13.3 |
| Aldeanos / militares | 128 / 67 |
Foco
⚔️ 27.0% · 🌾 73.0%
Spearman ×37 · Skirmisher ×26 · Trade Cart ×8 · War Elephant ×4
Feudal
15:39
Castillos
24:54
Imperial
—
| APM promedio | 25.8 |
| APM pico | 81 |
| eAPM promedio | 12.1 |
| Aldeanos / militares | 75 / 114 |
Foco
⚔️ 27.2% · 🌾 72.8%
Monaspa ×69 · Battering Ram ×18 · Knight ×13 · Archer ×8 · Scout Cavalry ×5 · Monk ×1
Feudal
13:15
Castillos
19:29
Imperial
34:06
| APM promedio | 11.0 |
| APM pico | 64 |
| eAPM promedio | 10.3 |
| Aldeanos / militares | 118 / 237 |
Foco
⚔️ 30.0% · 🌾 70.0%
Plumed Archer ×137 · Spearman ×94 · Trade Cart ×27 · Trebuchet (Packed) ×6
Feudal
10:42
Castillos
21:32
Imperial
32:47
| APM promedio | 11.5 |
| APM pico | 27 |
| eAPM promedio | 10.2 |
| Aldeanos / militares | 96 / 180 |
Foco
⚔️ 36.4% · 🌾 63.6%
Spearman ×114 · Longbowman ×28 · Skirmisher ×17 · Archer ×12 · Fishing Ship ×7 · Trebuchet (Packed) ×5
Feudal
13:36
Castillos
21:14
Imperial
39:30
| APM promedio | 14.6 |
| APM pico | 38 |
| eAPM promedio | 10.7 |
| Aldeanos / militares | 94 / 163 |
Foco
⚔️ 29.8% · 🌾 70.2%
Scout Cavalry ×86 · Janissary ×64 · Bombard Cannon ×13
Mapa de la partida
Recursos iniciales + cada clic de construcción. Líneas = muros · curvas = relieve. ◆ oro · ⬟ piedra · ● bayas · ✦ reliquia · ◌ hueco del cierre
Tu base· ✓ Cerrada en 25:04 · 35t muro · 1 puerta(s)
Base de LASTKAGE· ✓ Cerrada en 32:38 · 79t muro · 4 puerta(s)
Base de PURE GUARDIAN· ✓ Cerrada en 24:54 · 8t muro · 1 puerta(s)
Base de Pascal· ✓ Cerrada en 19:29 · 10t muro · sin puerta
Base de ~Giulia~· ✓ Cerrada en 21:32 · 0t muro · sin puerta
Base de Hoop· ✓ Cerrada en 21:14 · 39t muro · sin puerta
Terreno inicial suavizado · ◌ = hueco del cierre detectado · pasá el cursor para detalles
Inputs por minuto
— colon - - LASTKAGE
Build order — colon
Primeras 150 de 313 acciones detectadas
| 0:03 | Investigar | Loom |
| 0:20 | Crear | Villager (Male) |
| 0:20 | Crear | Villager (Male) |
| 0:20 | Crear | Villager (Male) |
| 0:21 | Crear | Villager (Male) |
| 0:21 | Crear | Villager (Male) |
| 1:00 | Construir | House |
| 1:01 | Construir | House |
| 1:01 | Construir | House |
| 1:02 | Construir | House |
| 1:54 | Construir | Palisade Wall |
| 3:42 | Construir | Palisade Wall |
| 3:53 | Crear | Villager (Male) |
| 3:53 | Crear | Villager (Male) |
| 4:39 | Crear | Villager (Male) |
| 5:09 | Crear | Villager (Male) |
| 5:28 | Crear | Villager (Male) |
| 5:58 | Crear | Villager (Male) |
| 6:21 | Crear | Villager (Male) |
| 6:27 | Construir | Farm |
| 6:45 | Crear | Villager (Male) |
| 6:53 | Construir | Farm |
| 7:01 | Crear | Villager (Male) |
| 7:21 | Crear | Villager (Male) |
| 7:46 | Crear | Villager (Male) |
| 7:57 | Crear | Villager (Male) |
| 8:34 | Construir | Farm |
| 8:56 | Construir | Farm |
| 9:09 | Crear | Villager (Male) |
| 9:09 | Crear | Villager (Male) |
| 9:10 | Crear | Villager (Male) |
| 9:46 | Construir | Lumber Camp |
| 9:50 | Crear | Villager (Male) |
| 10:38 | Construir | House |
| 10:39 | Construir | House |
| 10:40 | Construir | House |
| 10:51 | Crear | Villager (Male) |
| 10:53 | Crear | Villager (Male) |
| 11:47 | Crear | Villager (Male) |
| 11:47 | Crear | Villager (Male) |
| 11:47 | Crear | Villager (Male) |
| 12:02 | Construir | House |
| 12:03 | Construir | House |
| 12:04 | Construir | House |
| 12:05 | Construir | House |
| 12:06 | Construir | House |
| 12:07 | Construir | House |
| 12:15 | Construir | Farm |
| 13:04 | Construir | Farm |
| 13:06 | Crear | Villager (Male) |
| 13:48 | Investigar | Feudal Age |
| 14:32 | Construir | Lumber Camp |
| 14:36 | Construir | Mining Camp |
| 14:48 | Construir | Mill |
| 15:15 | Construir | House |
| 15:16 | Construir | House |
| 15:19 | Construir | House |
| 15:21 | Construir | House |
| 15:58 | Edad | Edad Feudal |
| 15:59 | Crear | Villager (Male) |
| 16:00 | Crear | Villager (Male) |
| 16:00 | Crear | Villager (Male) |
| 16:01 | Crear | Villager (Male) |
| 16:01 | Crear | Villager (Male) |
| 16:01 | Crear | Villager (Male) |
| 16:02 | Crear | Villager (Male) |
| 16:02 | Crear | Villager (Male) |
| 16:32 | Construir | Stone Wall |
| 16:39 | Construir | Stone Wall |
| 16:41 | Construir | Stone Wall |
| 17:01 | Construir | Market |
| 17:04 | Construir | Market |
| 17:16 | Construir | Farm |
| 17:33 | Construir | Blacksmith |
| 17:42 | Construir | Farm |
| 18:22 | Construir | House |
| 18:23 | Construir | House |
| 18:24 | Construir | House |
| 18:25 | Construir | House |
| 18:26 | Construir | House |
| 18:39 | Crear | Villager (Male) |
| 18:40 | Crear | Villager (Male) |
| 18:40 | Crear | Villager (Male) |
| 18:57 | Construir | Mining Camp |
| 20:09 | Construir | Market |
| 20:17 | Crear | Villager (Male) |
| 20:18 | Crear | Villager (Male) |
| 20:29 | Construir | Lumber Camp |
| 21:57 | Construir | Farm |
| 22:02 | Construir | House |
| 22:03 | Construir | House |
| 22:03 | Construir | House |
| 22:04 | Construir | House |
| 22:05 | Construir | House |
| 22:06 | Construir | House |
| 22:19 | Construir | Gate |
| 22:24 | Investigar | Castle Age |
| 22:26 | Investigar | Double-Bit Axe |
| 22:31 | Investigar | Scale Barding Armor |
| 22:32 | Investigar | Forging |
| 23:13 | Investigar | Stone Mining |
| 23:14 | Investigar | Gold Mining |
| 25:04 | Edad | Edad de los Castillos |
| 25:07 | Construir | Town Center |
| 25:08 | Investigar | Wheelbarrow |
| 25:15 | Construir | University |
| 25:35 | Construir | Stone Wall |
| 25:38 | Construir | Gate |
| 25:44 | Investigar | Bow Saw |
| 26:27 | Construir | Town Center |
| 26:29 | Investigar | Hand Cart |
| 26:30 | Investigar | Town Watch |
| 26:57 | Investigar | Fortified Wall (upgrade) |
| 27:13 | Crear | Villager (Male) |
| 27:26 | Construir | Stable |
| 27:54 | Construir | Lumber Camp |
| 27:56 | Crear | Villager (Male) |
| 27:57 | Crear | Villager (Male) |
| 27:57 | Crear | Villager (Male) |
| 27:57 | Crear | Villager (Male) |
| 27:57 | Crear | Villager (Male) |
| 27:57 | Crear | Villager (Male) |
| 28:26 | Construir | Farm |
| 28:27 | Construir | Farm |
| 28:28 | Construir | Farm |
| 28:30 | Crear | Villager (Male) |
| 28:30 | Crear | Villager (Male) |
| 28:30 | Crear | Villager (Male) |
| 28:51 | Construir | Castle |
| 28:59 | Construir | Farm |
| 29:01 | Construir | Farm |
| 29:02 | Construir | Farm |
| 29:05 | Crear | Villager (Male) |
| 29:05 | Crear | Villager (Male) |
| 29:05 | Crear | Villager (Male) |
| 29:11 | Construir | Lumber Camp |
| 29:17 | Construir | Farm |
| 29:18 | Construir | Farm |
| 29:19 | Construir | Farm |
| 29:34 | Crear | Villager (Male) |
| 29:35 | Crear | Villager (Male) |
| 29:35 | Crear | Villager (Male) |
| 29:35 | Crear | Villager (Male) |
| 29:38 | Crear | Trade Cart |
| 29:38 | Crear | Trade Cart |
| 29:38 | Crear | Trade Cart |
| 30:01 | Crear | Villager (Male) |
| 30:01 | Crear | Villager (Male) |
| 30:01 | Crear | Villager (Male) |
| 30:05 | Construir | Farm |
Build order — LASTKAGE
Primeras 150 de 313 acciones detectadas
| 0:04 | Construir | House |
| 0:05 | Construir | House |
| 0:06 | Construir | House |
| 0:07 | Construir | House |
| 0:12 | Crear | Villager (Male) |
| 0:13 | Crear | Villager (Male) |
| 0:13 | Crear | Villager (Male) |
| 0:13 | Crear | Villager (Male) |
| 1:21 | Crear | Villager (Male) |
| 1:21 | Crear | Villager (Male) |
| 1:52 | Investigar | Loom |
| 2:20 | Crear | Villager (Male) |
| 2:21 | Crear | Villager (Male) |
| 2:50 | Crear | Villager (Male) |
| 3:13 | Crear | Villager (Male) |
| 3:13 | Crear | Villager (Male) |
| 3:49 | Crear | Villager (Male) |
| 3:49 | Crear | Villager (Male) |
| 4:17 | Construir | Palisade Wall |
| 4:20 | Construir | Palisade Wall |
| 4:29 | Crear | Villager (Male) |
| 4:29 | Crear | Villager (Male) |
| 4:56 | Crear | Villager (Male) |
| 4:56 | Crear | Villager (Male) |
| 4:57 | Crear | Villager (Male) |
| 4:58 | Crear | Villager (Male) |
| 4:58 | Crear | Villager (Male) |
| 5:38 | Construir | Palisade Wall |
| 5:42 | Crear | Villager (Male) |
| 6:00 | Construir | Palisade Wall |
| 6:04 | Construir | Palisade Wall |
| 6:21 | Construir | Mill |
| 6:32 | Crear | Villager (Male) |
| 6:44 | Crear | Villager (Male) |
| 6:44 | Crear | Villager (Male) |
| 7:28 | Crear | Villager (Male) |
| 7:55 | Crear | Villager (Male) |
| 8:18 | Construir | Palisade Wall |
| 8:32 | Crear | Villager (Male) |
| 8:33 | Crear | Villager (Male) |
| 9:12 | Crear | Villager (Male) |
| 9:23 | Construir | House |
| 9:24 | Construir | House |
| 9:25 | Construir | House |
| 9:26 | Construir | House |
| 9:51 | Crear | Villager (Male) |
| 9:51 | Crear | Villager (Male) |
| 9:51 | Crear | Villager (Male) |
| 10:01 | Construir | Lumber Camp |
| 10:06 | Crear | Villager (Male) |
| 10:07 | Crear | Villager (Male) |
| 10:17 | Construir | Palisade Wall |
| 10:29 | Construir | Farm |
| 10:48 | Construir | Farm |
| 11:09 | Construir | Farm |
| 11:36 | Construir | Mill |
| 12:02 | Construir | Farm |
| 12:17 | Crear | Villager (Male) |
| 12:18 | Crear | Villager (Male) |
| 12:24 | Crear | Villager (Male) |
| 13:01 | Crear | Villager (Male) |
| 13:43 | Crear | Villager (Male) |
| 14:24 | Investigar | Feudal Age |
| 15:10 | Construir | Mill |
| 16:27 | Edad | Edad Feudal |
| 17:15 | Investigar | Horse Collar |
| 17:22 | Investigar | Wheelbarrow |
| 17:23 | Crear | Villager (Male) |
| 17:23 | Crear | Villager (Male) |
| 17:24 | Investigar | Double-Bit Axe |
| 17:33 | Investigar | Town Watch |
| 17:52 | Construir | Mill |
| 18:13 | Construir | Stone Wall |
| 18:25 | Construir | Gate |
| 18:43 | Construir | Stone Wall |
| 19:00 | Construir | Stone Wall |
| 19:39 | Construir | Barracks |
| 20:12 | Crear | Villager (Male) |
| 20:12 | Crear | Villager (Male) |
| 20:12 | Crear | Villager (Male) |
| 20:13 | Crear | Villager (Male) |
| 20:13 | Crear | Villager (Male) |
| 20:13 | Crear | Villager (Male) |
| 20:14 | Crear | Spearman |
| 20:14 | Crear | Spearman |
| 20:14 | Crear | Spearman |
| 20:14 | Crear | Spearman |
| 20:15 | Crear | Spearman |
| 20:15 | Crear | Spearman |
| 20:16 | Crear | Spearman |
| 20:16 | Crear | Spearman |
| 20:16 | Crear | Spearman |
| 20:16 | Crear | Spearman |
| 20:23 | Construir | Barracks |
| 20:33 | Crear | Villager (Male) |
| 20:33 | Crear | Villager (Male) |
| 20:34 | Crear | Villager (Male) |
| 20:48 | Crear | Villager (Male) |
| 20:48 | Crear | Villager (Male) |
| 21:46 | Crear | Villager (Male) |
| 21:47 | Crear | Villager (Male) |
| 22:48 | Construir | Stone Wall |
| 22:56 | Construir | Stone Wall |
| 23:17 | Construir | Stone Wall |
| 23:23 | Construir | Gate |
| 23:43 | Construir | House |
| 23:44 | Construir | House |
| 23:46 | Construir | House |
| 23:58 | Construir | Farm |
| 23:59 | Construir | Farm |
| 24:02 | Construir | Farm |
| 24:03 | Construir | Farm |
| 24:04 | Construir | Farm |
| 24:16 | Construir | Farm |
| 24:41 | Construir | Blacksmith |
| 25:30 | Crear | Villager (Male) |
| 25:31 | Crear | Villager (Male) |
| 25:31 | Crear | Villager (Male) |
| 25:48 | Construir | Mining Camp |
| 25:59 | Construir | Market |
| 26:08 | Construir | House |
| 26:09 | Construir | House |
| 26:11 | Construir | House |
| 26:16 | Construir | House |
| 26:17 | Construir | House |
| 26:19 | Construir | House |
| 26:20 | Construir | House |
| 26:21 | Construir | House |
| 26:24 | Construir | House |
| 26:26 | Construir | House |
| 27:18 | Construir | Archery Range |
| 27:20 | Construir | Archery Range |
| 27:37 | Crear | Villager (Male) |
| 29:15 | Crear | Trade Cart |
| 29:15 | Crear | Trade Cart |
| 29:15 | Crear | Trade Cart |
| 29:15 | Crear | Trade Cart |
| 29:21 | Crear | Skirmisher |
| 29:21 | Crear | Skirmisher |
| 29:22 | Crear | Skirmisher |
| 29:22 | Crear | Skirmisher |
| 29:22 | Crear | Skirmisher |
| 29:22 | Crear | Skirmisher |
| 29:36 | Construir | Stone Wall |
| 29:39 | Construir | Gate |
| 29:41 | Construir | Gate |
| 30:00 | Crear | Villager (Male) |
| 30:00 | Crear | Villager (Male) |
| 30:00 | Crear | Villager (Male) |
| 30:13 | Investigar | Castle Age |
Build order — PURE GUARDIAN
Primeras 150 de 226 acciones detectadas
| 0:03 | Construir | House |
| 0:05 | Construir | House |
| 0:06 | Crear | Villager (Male) ×4 |
| 1:15 | Construir | Palisade Wall |
| 1:42 | Crear | Villager (Male) |
| 2:04 | Investigar | Loom |
| 2:32 | Crear | Villager (Male) |
| 2:43 | Crear | Villager (Male) |
| 3:38 | Crear | Villager (Male) |
| 3:54 | Crear | Villager (Male) |
| 4:38 | Crear | Villager (Male) |
| 4:57 | Crear | Villager (Male) |
| 5:10 | Construir | House |
| 5:39 | Crear | Villager (Male) |
| 6:20 | Crear | Villager (Male) |
| 6:20 | Crear | Villager (Male) |
| 7:04 | Crear | Villager (Male) |
| 7:23 | Crear | Villager (Male) |
| 7:24 | Crear | Villager (Male) |
| 7:37 | Construir | Mill |
| 7:42 | Construir | House |
| 8:15 | Crear | Villager (Male) |
| 8:28 | Crear | Villager (Male) |
| 8:49 | Crear | Villager (Male) |
| 8:53 | Construir | House |
| 9:19 | Construir | House |
| 9:30 | Crear | Villager (Male) |
| 9:44 | Crear | Villager (Male) |
| 10:06 | Crear | Villager (Male) |
| 10:35 | Construir | Barracks |
| 11:12 | Crear | Villager (Male) |
| 11:13 | Crear | Villager (Male) |
| 11:45 | Crear | Villager (Male) |
| 12:01 | Construir | Mule Cart |
| 12:12 | Construir | Palisade Gate |
| 12:22 | Crear | Villager (Male) |
| 12:34 | Crear | Villager (Male) |
| 13:29 | Investigar | Feudal Age |
| 14:43 | Crear | Villager (Male) |
| 14:43 | Crear | Villager (Male) |
| 15:13 | Construir | Farm |
| 15:14 | Construir | Farm |
| 15:16 | Construir | Farm |
| 15:17 | Construir | Farm |
| 15:19 | Construir | Farm |
| 15:21 | Construir | Farm |
| 15:22 | Construir | Farm |
| 15:25 | Construir | Farm |
| 15:39 | Edad | Edad Feudal |
| 15:44 | Construir | Stable |
| 15:53 | Construir | Mule Cart |
| 16:17 | Crear | Villager (Male) |
| 16:23 | Construir | House |
| 16:27 | Crear | Scout Cavalry |
| 16:29 | Crear | Scout Cavalry |
| 16:30 | Crear | Scout Cavalry |
| 16:36 | Construir | House |
| 16:46 | Crear | Villager (Male) |
| 16:47 | Crear | Villager (Male) |
| 17:12 | Construir | Blacksmith |
| 17:44 | Construir | Market |
| 17:50 | Investigar | Bloodlines |
| 18:06 | Crear | Villager (Male) |
| 18:07 | Crear | Villager (Male) |
| 18:33 | Construir | Farm |
| 18:38 | Construir | Farm |
| 18:43 | Crear | Villager (Male) |
| 18:44 | Crear | Villager (Male) |
| 19:01 | Construir | House |
| 19:11 | Construir | Archery Range |
| 20:23 | Construir | Farm |
| 20:25 | Construir | Farm |
| 20:26 | Construir | Farm |
| 20:34 | Construir | Mule Cart |
| 21:58 | Crear | Archer |
| 21:58 | Crear | Archer |
| 21:58 | Crear | Archer |
| 21:59 | Crear | Archer |
| 22:00 | Crear | Archer |
| 22:14 | Investigar | Castle Age |
| 22:54 | Construir | Archery Range |
| 23:04 | Crear | Scout Cavalry |
| 23:04 | Crear | Scout Cavalry |
| 23:27 | Investigar | Double-Bit Axe |
| 23:31 | Investigar | Horse Collar |
| 23:36 | Crear | Villager (Male) |
| 23:36 | Crear | Villager (Male) |
| 24:01 | Construir | Stable |
| 24:05 | Crear | Archer |
| 24:06 | Crear | Archer |
| 24:06 | Crear | Archer |
| 24:23 | Construir | House |
| 24:26 | Construir | House |
| 24:28 | Construir | House |
| 24:32 | Construir | House |
| 24:34 | Construir | House |
| 24:38 | Construir | House |
| 24:39 | Construir | Farm |
| 24:54 | Edad | Edad de los Castillos |
| 25:14 | Investigar | Husbandry |
| 25:16 | Crear | Knight |
| 25:16 | Crear | Knight |
| 25:17 | Crear | Knight |
| 25:21 | Construir | Farm |
| 25:33 | Crear | Villager (Male) |
| 25:42 | Construir | Town Center |
| 25:52 | Construir | Castle |
| 26:51 | Construir | Castle |
| 29:09 | Construir | Siege Workshop |
| 29:11 | Construir | Siege Workshop |
| 29:13 | Construir | Stable |
| 29:14 | Construir | Stable |
| 29:37 | Investigar | Scale Barding Armor |
| 29:37 | Investigar | Forging |
| 29:44 | Crear | Knight |
| 29:45 | Crear | Knight |
| 29:45 | Crear | Knight |
| 29:51 | Crear | Villager (Male) |
| 29:51 | Crear | Villager (Male) |
| 29:51 | Crear | Villager (Male) |
| 29:52 | Crear | Villager (Male) |
| 29:54 | Crear | Villager (Male) ×5 |
| 29:59 | Construir | House |
| 30:01 | Construir | House |
| 30:01 | Construir | House |
| 30:03 | Construir | House |
| 30:05 | Construir | House |
| 30:06 | Construir | House |
| 30:07 | Construir | House |
| 30:08 | Construir | House |
| 30:08 | Construir | House |
| 30:09 | Construir | House |
| 30:18 | Construir | Monastery |
| 30:44 | Crear | Battering Ram |
| 30:44 | Crear | Battering Ram |
| 30:55 | Investigar | Crossbowman (upgrade) |
| 31:04 | Construir | University |
| 31:16 | Construir | Stable |
| 31:20 | Construir | Farm |
| 31:23 | Construir | Farm |
| 31:24 | Crear | Villager (Male) |
| 31:33 | Crear | Monk |
| 32:19 | Construir | Siege Workshop |
| 32:39 | Investigar | Chain Barding Armor |
| 32:39 | Investigar | Iron Casting |
| 33:17 | Crear | Battering Ram |
| 33:17 | Crear | Battering Ram |
| 33:24 | Construir | Mule Cart |
| 33:31 | Construir | Farm |
| 33:35 | Construir | Farm |
Build order — Pascal
Primeras 150 de 278 acciones detectadas
| 0:08 | Crear | Villager (Male) ×3 |
| 0:09 | Crear | Villager (Male) ×3 |
| 0:47 | Construir | House |
| 0:49 | Construir | House |
| 0:51 | Construir | House |
| 0:57 | Construir | Palisade Wall |
| 2:37 | Investigar | Loom |
| 3:06 | Crear | Villager (Male) |
| 3:06 | Crear | Villager (Male) |
| 3:06 | Crear | Villager (Male) |
| 3:44 | Crear | Villager (Male) |
| 4:11 | Crear | Villager (Male) |
| 4:11 | Crear | Villager (Male) |
| 4:40 | Crear | Villager (Male) |
| 4:40 | Crear | Villager (Male) |
| 4:40 | Crear | Villager (Male) |
| 4:50 | Construir | Lumber Camp |
| 4:54 | Crear | Villager (Male) |
| 4:54 | Crear | Villager (Male) |
| 4:54 | Crear | Villager (Male) |
| 5:19 | Crear | Villager (Male) |
| 5:19 | Crear | Villager (Male) |
| 5:19 | Crear | Villager (Male) |
| 5:42 | Crear | Villager (Male) |
| 5:42 | Crear | Villager (Male) |
| 5:43 | Crear | Villager (Male) |
| 5:43 | Crear | Villager (Male) |
| 6:01 | Crear | Villager (Male) |
| 6:02 | Crear | Villager (Male) |
| 6:33 | Crear | Villager (Male) |
| 6:52 | Construir | Mill |
| 6:56 | Crear | Villager (Male) |
| 6:56 | Crear | Villager (Male) |
| 6:57 | Crear | Villager (Male) |
| 7:35 | Crear | Villager (Male) |
| 7:50 | Construir | House |
| 7:57 | Construir | House |
| 8:03 | Crear | Villager (Male) |
| 8:03 | Crear | Villager (Male) |
| 8:22 | Crear | Villager (Male) ×2 |
| 8:48 | Crear | Villager (Male) |
| 9:04 | Crear | Villager (Male) |
| 9:49 | Construir | Mining Camp |
| 11:05 | Investigar | Feudal Age |
| 11:05 | Investigar | Feudal Age |
| 11:05 | Investigar | Feudal Age |
| 11:06 | Investigar | Feudal Age |
| 11:50 | Crear | Villager (Male) |
| 11:50 | Crear | Villager (Male) |
| 11:50 | Crear | Villager (Male) |
| 12:33 | Crear | Villager (Male) |
| 13:15 | Edad | Edad Feudal |
| 13:18 | Investigar | Double-Bit Axe |
| 13:22 | Investigar | Wheelbarrow |
| 13:26 | Investigar | Horse Collar |
| 13:43 | Construir | Market |
| 14:08 | Construir | Farm |
| 14:09 | Construir | Farm |
| 14:11 | Construir | Farm |
| 14:13 | Construir | Farm |
| 14:15 | Construir | Farm |
| 14:18 | Construir | Farm |
| 14:23 | Construir | Farm |
| 14:49 | Construir | House |
| 14:52 | Construir | House |
| 14:55 | Construir | Blacksmith |
| 15:32 | Crear | Villager (Male) |
| 15:33 | Crear | Villager (Male) |
| 16:04 | Construir | Mining Camp |
| 16:49 | Investigar | Castle Age |
| 16:49 | Investigar | Castle Age |
| 16:49 | Investigar | Castle Age |
| 18:03 | Crear | Villager (Male) ×5 |
| 18:03 | Crear | Villager (Male) ×5 |
| 19:05 | Construir | Farm |
| 19:07 | Construir | Farm |
| 19:07 | Construir | Farm |
| 19:09 | Construir | Farm |
| 19:10 | Construir | Farm |
| 19:11 | Construir | Farm |
| 19:14 | Construir | Farm |
| 19:16 | Construir | Farm |
| 19:29 | Edad | Edad de los Castillos |
| 19:56 | Construir | Town Center |
| 20:14 | Construir | Town Center |
| 21:15 | Crear | Villager (Male) ×5 |
| 21:19 | Crear | Villager (Male) ×5 |
| 21:24 | Crear | Villager (Male) ×3 |
| 22:26 | Crear | Villager (Male) ×5 |
| 22:35 | Investigar | Bow Saw |
| 22:49 | Investigar | Heavy Plow |
| 22:49 | Investigar | Heavy Plow |
| 22:54 | Crear | Villager (Male) ×2 |
| 23:09 | Construir | House |
| 23:09 | Construir | House |
| 23:09 | Construir | House |
| 23:09 | Construir | House |
| 23:10 | Construir | House |
| 23:10 | Construir | House |
| 23:10 | Construir | House |
| 23:11 | Construir | House |
| 23:12 | Construir | House |
| 23:12 | Construir | House |
| 23:12 | Construir | House |
| 23:13 | Construir | House |
| 23:13 | Construir | House |
| 23:14 | Construir | House |
| 23:37 | Crear | Villager (Male) |
| 23:51 | Crear | Villager (Male) |
| 23:51 | Crear | Villager (Male) |
| 23:54 | Crear | Villager (Male) |
| 25:04 | Investigar | Hand Cart |
| 25:14 | Investigar | Town Watch |
| 25:14 | Investigar | Town Watch |
| 25:22 | Investigar | Fletching |
| 25:23 | Investigar | Scale Mail Armor |
| 25:43 | Construir | Farm |
| 25:44 | Construir | Farm |
| 25:45 | Construir | Farm |
| 25:47 | Construir | Farm |
| 25:49 | Construir | Farm |
| 25:51 | Construir | Farm |
| 25:52 | Construir | Farm |
| 25:55 | Construir | Farm |
| 25:57 | Construir | Farm |
| 25:59 | Construir | Farm |
| 26:05 | Investigar | Forging |
| 26:11 | Construir | Barracks |
| 26:19 | Construir | Castle |
| 26:32 | Crear | Trade Cart ×5 |
| 26:32 | Crear | Trade Cart ×5 |
| 26:32 | Crear | Trade Cart ×5 |
| 26:55 | Investigar | Caravan |
| 26:56 | Crear | Trade Cart ×3 |
| 27:05 | Crear | Villager (Male) ×4 |
| 28:08 | Crear | Trade Cart |
| 28:08 | Crear | Trade Cart |
| 28:10 | Crear | Trade Cart |
| 28:10 | Crear | Trade Cart |
| 28:20 | Crear | Villager (Male) ×5 |
| 28:28 | Investigar | Padded Archer Armor |
| 28:41 | Crear | Villager (Male) ×5 |
| 28:51 | Investigar | Man-at-Arms (upgrade) |
| 29:03 | Construir | Mining Camp |
| 29:05 | Crear | Villager (Male) ×5 |
| 29:10 | Crear | Villager (Male) ×5 |
| 29:52 | Construir | Castle |
| 30:12 | Crear | Trade Cart ×4 |
| 30:55 | Investigar | Imperial Age |
| 30:58 | Crear | Villager (Male) ×5 |
Build order — ~Giulia~
Primeras 150 de 323 acciones detectadas
| 0:05 | Construir | House |
| 0:06 | Construir | House |
| 0:20 | Crear | Villager (Male) ×4 |
| 0:20 | Investigar | Loom |
| 0:52 | Construir | House |
| 1:58 | Crear | Villager (Male) |
| 1:59 | Crear | Villager (Male) |
| 2:16 | Crear | Villager (Male) |
| 2:16 | Crear | Villager (Male) |
| 2:57 | Construir | Mill |
| 3:00 | Crear | Villager (Male) |
| 3:00 | Crear | Villager (Male) |
| 3:24 | Crear | Villager (Male) |
| 3:25 | Crear | Villager (Male) |
| 3:47 | Crear | Villager (Male) |
| 3:47 | Crear | Villager (Male) |
| 3:48 | Crear | Villager (Male) |
| 4:10 | Crear | Villager (Male) |
| 4:10 | Crear | Villager (Male) |
| 4:10 | Crear | Villager (Male) |
| 4:51 | Crear | Villager (Male) |
| 4:52 | Crear | Villager (Male) |
| 4:52 | Crear | Villager (Male) |
| 5:17 | Crear | Villager (Male) |
| 5:17 | Crear | Villager (Male) |
| 5:27 | Construir | House |
| 5:32 | Construir | Lumber Camp |
| 6:10 | Crear | Villager (Male) |
| 6:10 | Crear | Villager (Male) |
| 6:49 | Crear | Villager (Male) |
| 6:50 | Crear | Villager (Male) |
| 7:56 | Construir | Mining Camp |
| 8:27 | Construir | House |
| 8:32 | Investigar | Feudal Age |
| 9:17 | Construir | Barracks |
| 10:36 | Crear | Villager (Male) |
| 10:37 | Crear | Villager (Male) |
| 10:38 | Crear | Villager (Male) |
| 10:40 | Crear | Villager (Male) |
| 10:42 | Edad | Edad Feudal |
| 10:48 | Investigar | Town Watch |
| 11:01 | Investigar | Wheelbarrow |
| 11:46 | Investigar | Double-Bit Axe |
| 11:59 | Investigar | Horse Collar |
| 12:06 | Construir | Dock |
| 12:27 | Crear | Villager (Male) |
| 12:33 | Crear | Villager (Male) |
| 12:51 | Construir | House |
| 12:55 | Construir | Blacksmith |
| 13:09 | Crear | Fishing Ship |
| 13:37 | Construir | Farm |
| 13:44 | Construir | House |
| 13:45 | Construir | House |
| 14:01 | Construir | Farm |
| 14:29 | Construir | Farm |
| 15:01 | Construir | Farm |
| 15:08 | Construir | Farm |
| 15:24 | Crear | Villager (Male) |
| 15:24 | Crear | Villager (Male) |
| 15:29 | Construir | Farm |
| 15:53 | Construir | Farm |
| 15:58 | Crear | Villager (Male) |
| 15:59 | Crear | Villager (Male) |
| 16:06 | Crear | Fishing Ship |
| 16:17 | Construir | Farm |
| 16:40 | Construir | Mining Camp |
| 16:45 | Construir | Farm |
| 16:52 | Construir | Archery Range |
| 17:02 | Crear | Villager (Male) |
| 17:07 | Construir | Farm |
| 17:27 | Crear | Villager (Male) |
| 17:37 | Construir | House |
| 17:55 | Crear | Villager (Male) |
| 17:58 | Construir | Farm |
| 18:30 | Construir | Farm |
| 18:52 | Investigar | Castle Age |
| 19:01 | Investigar | Tech 906 |
| 19:39 | Construir | Archery Range |
| 19:43 | Crear | Spearman |
| 19:44 | Crear | Spearman |
| 19:44 | Crear | Spearman |
| 19:48 | Crear | Spearman |
| 20:00 | Investigar | Fletching |
| 20:10 | Investigar | Forging |
| 20:17 | Construir | Farm |
| 20:21 | Construir | Farm |
| 20:24 | Construir | Fish Trap |
| 20:26 | Construir | Fish Trap |
| 20:29 | Crear | Fishing Ship |
| 21:10 | Crear | Spearman |
| 21:21 | Construir | Barracks |
| 21:25 | Crear | Archer |
| 21:25 | Crear | Archer |
| 21:26 | Crear | Archer |
| 21:29 | Crear | Archer |
| 21:32 | Edad | Edad de los Castillos |
| 21:32 | Crear | Villager (Male) |
| 21:32 | Crear | Villager (Male) |
| 21:33 | Crear | Villager (Male) |
| 21:38 | Investigar | Crossbowman (upgrade) |
| 21:52 | Investigar | Pikeman (upgrade) |
| 22:01 | Construir | House |
| 22:02 | Construir | House |
| 22:03 | Construir | House |
| 22:04 | Construir | House |
| 22:21 | Construir | Mining Camp |
| 22:26 | Construir | Fish Trap |
| 22:32 | Crear | Villager (Male) |
| 22:34 | Crear | Villager (Male) |
| 22:38 | Crear | Villager (Male) |
| 22:53 | Crear | Villager (Male) |
| 23:12 | Construir | Monastery |
| 23:15 | Crear | Villager (Male) |
| 23:32 | Construir | Siege Workshop |
| 23:33 | Crear | Archer |
| 23:38 | Investigar | Padded Archer Armor |
| 23:39 | Investigar | Bodkin Arrow |
| 23:45 | Investigar | Scale Mail Armor |
| 23:49 | Crear | Villager (Male) |
| 24:05 | Crear | Villager (Male) |
| 24:11 | Construir | University |
| 24:12 | Crear | Monk |
| 24:17 | Investigar | Gold Mining |
| 24:24 | Crear | Villager (Male) |
| 24:26 | Crear | Demolition Raft |
| 25:20 | Construir | Market |
| 25:35 | Investigar | Leather Archer Armor |
| 25:52 | Crear | Villager (Male) |
| 26:15 | Construir | Lumber Camp |
| 26:33 | Construir | Farm |
| 26:50 | Crear | Villager (Male) |
| 26:55 | Construir | Town Center |
| 27:42 | Crear | Villager (Male) |
| 27:43 | Crear | Villager (Male) |
| 27:43 | Crear | Villager (Male) |
| 27:52 | Crear | Battering Ram |
| 27:58 | Crear | Skirmisher |
| 28:06 | Crear | Skirmisher |
| 28:06 | Crear | Skirmisher |
| 28:07 | Crear | Skirmisher |
| 28:15 | Crear | Skirmisher |
| 28:15 | Crear | Skirmisher |
| 28:21 | Crear | Villager (Male) |
| 28:21 | Crear | Villager (Male) |
| 28:24 | Construir | Farm |
| 29:11 | Investigar | Elite Skirmisher (upgrade) |
| 29:17 | Crear | Skirmisher |
| 29:37 | Investigar | Imperial Age |
| 29:55 | Crear | Fishing Ship |
| 30:07 | Investigar | Gillnets |
Build order — Hoop
Primeras 150 de 299 acciones detectadas
| 0:04 | Construir | House |
| 0:07 | Construir | House |
| 0:09 | Investigar | Loom |
| 0:10 | Crear | Villager (Male) |
| 0:10 | Crear | Villager (Male) |
| 0:10 | Crear | Villager (Male) |
| 0:11 | Crear | Villager (Male) |
| 0:11 | Crear | Villager (Male) |
| 0:11 | Crear | Villager (Male) |
| 0:11 | Crear | Villager (Male) |
| 1:07 | Construir | Palisade Wall |
| 1:44 | Construir | Palisade Wall |
| 2:29 | Construir | House |
| 3:15 | Crear | Villager (Male) |
| 3:16 | Crear | Villager (Male) |
| 3:57 | Crear | Villager (Male) |
| 3:57 | Crear | Villager (Male) |
| 3:57 | Crear | Villager (Male) |
| 4:17 | Crear | Villager (Male) |
| 4:18 | Crear | Villager (Male) |
| 4:43 | Crear | Villager (Male) |
| 5:16 | Crear | Villager (Male) |
| 5:16 | Crear | Villager (Male) |
| 5:41 | Construir | Lumber Camp |
| 5:51 | Crear | Villager (Male) |
| 5:51 | Crear | Villager (Male) |
| 5:51 | Crear | Villager (Male) |
| 6:03 | Construir | House |
| 6:25 | Crear | Villager (Male) |
| 6:25 | Crear | Villager (Male) |
| 7:00 | Crear | Villager (Male) |
| 7:00 | Crear | Villager (Male) |
| 7:16 | Crear | Villager (Male) |
| 7:32 | Construir | Mill |
| 7:48 | Crear | Villager (Male) |
| 7:55 | Crear | Villager (Male) |
| 8:33 | Crear | Villager (Male) |
| 8:53 | Construir | Mining Camp |
| 9:07 | Crear | Villager (Male) |
| 9:18 | Construir | Mining Camp |
| 9:55 | Crear | Villager (Male) |
| 9:56 | Crear | Villager (Male) |
| 10:30 | Construir | Farm |
| 10:51 | Construir | Farm |
| 10:55 | Crear | Villager (Male) |
| 11:26 | Investigar | Feudal Age |
| 11:31 | Construir | Farm |
| 11:43 | Construir | House |
| 12:04 | Construir | Farm |
| 12:34 | Construir | Barracks |
| 13:07 | Construir | Lumber Camp |
| 13:13 | Crear | Villager (Male) |
| 13:14 | Crear | Villager (Male) |
| 13:36 | Edad | Edad Feudal |
| 13:45 | Construir | Mill |
| 13:50 | Crear | Villager (Male) |
| 14:03 | Investigar | Double-Bit Axe |
| 14:14 | Construir | House |
| 14:19 | Crear | Villager (Male) |
| 14:33 | Investigar | Horse Collar |
| 14:44 | Crear | Villager (Male) |
| 14:58 | Construir | House |
| 15:01 | Crear | Villager (Male) |
| 15:33 | Construir | Blacksmith |
| 15:36 | Crear | Villager (Male) |
| 16:14 | Construir | Stable |
| 16:21 | Construir | Farm |
| 16:24 | Crear | Villager (Male) |
| 16:56 | Construir | Stone Wall |
| 17:02 | Construir | Farm |
| 17:05 | Crear | Villager (Male) |
| 17:28 | Construir | Stable |
| 17:33 | Construir | House |
| 17:39 | Crear | Villager (Male) |
| 17:43 | Construir | Farm |
| 18:15 | Construir | Mining Camp |
| 18:34 | Investigar | Castle Age |
| 18:38 | Investigar | Forging |
| 18:57 | Construir | Mining Camp |
| 19:21 | Construir | Farm |
| 19:22 | Construir | Farm |
| 19:23 | Construir | Farm |
| 19:26 | Construir | Farm |
| 19:30 | Investigar | Gold Mining |
| 19:37 | Investigar | Stone Mining |
| 19:52 | Construir | House |
| 20:00 | Construir | Farm |
| 20:16 | Construir | Farm |
| 20:35 | Construir | Farm |
| 21:03 | Construir | Stable |
| 21:14 | Edad | Edad de los Castillos |
| 21:20 | Construir | Farm |
| 21:22 | Crear | Villager (Male) |
| 21:22 | Crear | Villager (Male) |
| 21:41 | Investigar | Scale Barding Armor |
| 21:42 | Investigar | Iron Casting |
| 21:58 | Crear | Villager (Male) |
| 22:38 | Construir | Town Center |
| 22:52 | Investigar | Wheelbarrow |
| 23:16 | Crear | Villager (Male) |
| 23:27 | Construir | Farm |
| 23:47 | Construir | Farm |
| 23:51 | Crear | Villager (Male) |
| 23:51 | Crear | Villager (Male) |
| 23:57 | Crear | Villager (Male) |
| 24:09 | Investigar | Bloodlines |
| 24:23 | Crear | Villager (Male) |
| 24:24 | Crear | Villager (Male) |
| 24:52 | Construir | Market |
| 25:02 | Crear | Villager (Male) |
| 25:04 | Crear | Villager (Male) |
| 25:06 | Crear | Villager (Male) |
| 25:13 | Construir | Farm |
| 25:18 | Investigar | Bow Saw |
| 25:42 | Construir | Gate |
| 25:54 | Crear | Villager (Male) |
| 25:55 | Crear | Villager (Male) |
| 25:59 | Construir | Farm |
| 26:01 | Construir | Farm |
| 26:09 | Crear | Villager (Male) |
| 26:09 | Crear | Villager (Male) |
| 26:21 | Construir | Castle |
| 26:30 | Construir | Farm |
| 26:33 | Crear | Villager (Male) |
| 26:34 | Crear | Villager (Male) |
| 26:36 | Crear | Villager (Male) |
| 26:41 | Investigar | Husbandry |
| 26:52 | Construir | Stable |
| 26:54 | Construir | Stable |
| 26:58 | Crear | Villager (Male) |
| 27:04 | Construir | Farm |
| 27:16 | Construir | House |
| 27:16 | Construir | House |
| 27:16 | Construir | House |
| 27:16 | Construir | House |
| 27:17 | Construir | House |
| 27:24 | Crear | Villager (Male) |
| 27:26 | Crear | Villager (Male) |
| 27:32 | Construir | Farm |
| 27:40 | Crear | Villager (Male) |
| 27:43 | Crear | Villager (Male) |
| 27:54 | Investigar | Chain Barding Armor |
| 28:04 | Construir | Farm |
| 28:12 | Crear | Villager (Male) |
| 28:39 | Crear | Janissary |
| 28:39 | Crear | Janissary |
| 28:39 | Crear | Janissary |
| 28:40 | Crear | Janissary |
| 28:41 | Crear | Janissary |
| 28:49 | Construir | Farm |
Cronología de la partida
| 0:57 | Pascal · wall_segment Palisade Wall x10 |
| 1:07 | Hoop · wall_segment Palisade Wall x15 |
| 1:15 | PURE GUARDIAN · wall_segment Palisade Wall x8 |
| 1:44 | Hoop · wall_segment Palisade Wall x12 |
| 1:54 | colon · wall_segment Palisade Wall x9 |
| 3:42 | colon · wall_segment Palisade Wall x10 |
| 4:17 | LASTKAGE · wall_segment Palisade Wall x4 |
| 4:20 | LASTKAGE · wall_segment Palisade Wall x3 |
| 5:38 | LASTKAGE · wall_segment Palisade Wall x1 |
| 6:00 | LASTKAGE · wall_segment Palisade Wall x9 |
| 6:04 | LASTKAGE · wall_segment Palisade Wall x2 |
| 8:18 | LASTKAGE · wall_segment Palisade Wall x10 |
| 9:17 | ~Giulia~ · first_building Barracks |
| 10:17 | LASTKAGE · wall_segment Palisade Wall x1 |
| 10:35 | PURE GUARDIAN · first_building Barracks |
| 10:42 | ~Giulia~ · age_up feudal |
| 12:06 | ~Giulia~ · first_building Dock |
| 12:34 | Hoop · first_building Barracks |
| 13:15 | Pascal · age_up feudal |
| 13:36 | Hoop · age_up feudal |
| 15:39 | PURE GUARDIAN · age_up feudal |
| 15:44 | PURE GUARDIAN · first_building Stable |
| 15:58 | colon · age_up feudal |
| 16:14 | Hoop · first_building Stable |
| 16:27 | LASTKAGE · age_up feudal |
| 16:32 | colon · wall_segment Stone Wall x9 |
| 16:39 | colon · wall_segment Stone Wall x6 |
| 16:41 | colon · wall_segment Stone Wall x4 |
| 16:52 | ~Giulia~ · first_building Archery Range |
| 16:56 | Hoop · wall_segment Stone Wall x12 |
| 18:13 | LASTKAGE · wall_segment Stone Wall x10 |
| 18:43 | LASTKAGE · wall_segment Stone Wall x3 |
| 19:00 | LASTKAGE · wall_segment Stone Wall x12 |
| 19:11 | PURE GUARDIAN · first_building Archery Range |
| 19:29 | Pascal · age_up castle |
| 19:39 | LASTKAGE · first_building Barracks |
| 20:06 | Pascal · first_market_buy 100 wood |
| 21:14 | Hoop · age_up castle |
| 21:32 | ~Giulia~ · age_up castle |
| 22:48 | LASTKAGE · wall_segment Stone Wall x5 |
| 22:56 | LASTKAGE · wall_segment Stone Wall x6 |
| 23:12 | ~Giulia~ · first_building Monastery |
| 23:17 | LASTKAGE · wall_segment Stone Wall x9 |
| 23:32 | ~Giulia~ · first_building Siege Workshop |
| 24:54 | PURE GUARDIAN · age_up castle |
| 25:04 | colon · age_up castle |
| 25:35 | colon · wall_segment Stone Wall x12 |
| 25:52 | PURE GUARDIAN · first_building Castle |
| 26:11 | Pascal · first_building Barracks |
| 26:19 | Pascal · first_building Castle |
| 26:21 | Hoop · first_building Castle |
| 27:18 | LASTKAGE · first_building Archery Range |
| 27:26 | colon · first_building Stable |
| 28:51 | colon · first_building Castle |
| 29:09 | PURE GUARDIAN · first_building Siege Workshop |
| 29:36 | LASTKAGE · wall_segment Stone Wall x11 |
| 30:18 | PURE GUARDIAN · first_building Monastery |
| 30:33 | Pascal · first_market_sell 500 wood |
| 31:47 | LASTKAGE · first_market_buy 100 stone |
| 32:38 | LASTKAGE · age_up castle |
| 32:47 | ~Giulia~ · age_up imperial |
| 34:06 | Pascal · age_up imperial |
| 34:20 | ~Giulia~ · first_building Castle |
| 35:40 | Hoop · first_market_buy 100 food |
| 37:55 | colon · first_market_sell 100 food |
| 37:56 | colon · first_market_buy 100 wood |
| 39:06 | Hoop · first_building Siege Workshop |
| 39:07 | colon · age_up imperial |
| 39:30 | Hoop · age_up imperial |
| 40:55 | LASTKAGE · first_building Castle |
| 44:38 | Pascal · resign |
[ ANÁLISIS IA · 1 CRÉDITO ]
¿Qué pasó realmente en esta partida?
Wolo.gg analiza cada decisión: build order, eco, micro, errores típicos por bracket. Análisis personalizado por WhatsApp o Discord en 30 segundos.
Guía civ
Jemeres
Perfil
Jugador #1835342